 Dungeon Crawl Stone Soup version 0.28.0-43-g3370ac3207 (webtiles) character file.

Game seed: 7379111961598214348

72 protoss039 the Sneak (level 4, -2/21 HPs)
             Began as a Spriggan Enchanter on Mar 7, 2022.
             Succumbed to Crazy Yiuf's poison
             ... on level 2 of the Dungeon.
             The game lasted 00:07:19 (2115 turns).

protoss039 the Sneak (Spriggan Enchanter)           Turns: 2115, Time: 00:07:19

Health: -2/21      AC:  2    Str:  4    XL:     4   Next: 6%
Magic:  9/9        EV: 18    Int: 16    God:
Gold:   110        SH:  0    Dex: 21    Spells: 3/8 levels left

rFire   . . .      SeeInvis +   d - +8 mace of Zucoihune {vorpal, Dex+4}
rCold   . . .      Faith    .   (no shield)
rNeg    . . .      Spirit   .   b - +0 robe
rPois   .          Reflect  .   (helmet restricted)
rElec   .          Harm     .   (no cloak)
rCorr   .          Rampage  .   (gloves unavailable)
Will    .....                   (boots unavailable)
Stlth   ++++......              (no amulet)
HPRegen 0.07/turn               (no ring)
MPRegen 0.11/turn               (no ring)

@: lethally poisoned (-2 -> -25), hasted, very quick
A: very small, no large weapons, unfitting armour, see invisible, speed 3
a: no special abilities


You were on level 2 of the Dungeon.
You visited 1 branch of the dungeon, and saw 2 of its levels.

You collected 110 gold pieces.

Inventory:

Hand Weapons
 a - a +1 dagger
 d - the +8 mace of Zucoihune (weapon) {vorpal, Dex+4}
   (You found it on level 2 of the Dungeon)

   It inflicts extra damage upon your enemies.
   Dex:       It affects your dexterity (+4).
Armour
 b - a +0 robe (worn)
Jewellery
 g - an amulet of faith
Scrolls
 e - 2 scrolls of identify {unknown}
Potions
 c - a potion of invisibility
 f - a potion of brilliance {unknown}
 h - a potion of haste


   Skills:
 + Level 1.1 Short Blades
 - Level 3.0 Dodging
 * Level 7.0 Stealth
 + Level 2.9 Spellcasting
 - Level 4.0 Hexes


You had 3 spell levels left.
You knew the following spells:

 Your Spells              Type           Power      Damage    Failure   Level
a - Confusing Touch       Hex            15%        N/A       11%         3
b - Ensorcelled Hibernat  Hex/Ice        16%        N/A       12%         2

Your spell library contained the following spells:

 Spells                   Type           Power      Damage    Failure   Level
 Tukima's Dance           Hex            15%        N/A       11%         3
 Dazzling Flash           Conj/Hex       16%        N/A       26%         3


Dungeon Overview and Level Annotations

Branches:
Dungeon (2/15)

Altars:

Shops:
D:1 *   D:2 [

Annotations:
D:2 Crazy Yiuf, Sigmund, Terence


Innate Abilities, Weirdness & Mutations

You are very small and have problems with some larger weapons.
You are too small for most types of armour.
You have supernaturally acute eyesight. (SInv)
You cover ground extremely quickly. (Speed+++)


Message History

You see here a hobgoblin corpse.
Found a stone staircase leading down.
No target in view!
Unknown command.
No target in view!
There is a stone staircase leading down here.
You see here a hobgoblin corpse.
You see here a +0 club.
Terence is nearby!
Terence is nearby!
Terence is nearby!
Terence barely misses you.
You hit Terence but do no damage. Terence hits you with a +6 vorpal mace.
Unknown command.
You completely miss Terence. Terence hits you with a +6 vorpal mace.
Terence closely misses you.
Unknown command.
Unknown command.
Unknown command.
Terence screams, "I want your blood!"
You open the door.
There is an open door here.
You see here the +8 mace of the Piercing Visionary {vorpal, +Blink rF- Dex+4}.
You start resting.
HP restored.
You see here a +0 mace.
You see here a +0 mace.
You open the door.
There is an open translucent door here.
Crazy Yiuf shouts!
Crazy Yiuf barely misses you.
You barely miss Crazy Yiuf.
Crazy Yiuf hits you with a +4 quarterstaff of chaos!
Ouch! That really hurt!
You are lethally poisoned!
It was a potion of haste.
You feel yourself speed up.
* * * LOW HITPOINT WARNING * * *
You feel very sick. Crazy Yiuf completely misses you.
Okay, then.
You die...

.#.#..#.........†.....#
##.#...################
#.#.......# #...#...#
## #...#)..# ..
#.......# ##### ♣♣####
.# #..###..# #)..#♣♣
♣♣))))## .# #.).....#
#g..'.♣♣♣♣P)))..#
.####.###..#
#..@#♣..♣.)..)).#
.#.........#
#####♣♣♣.♣..))#.#
.#.###'##..# ♣♣♣♣♣##..#
.#.##......# #.##
.#.##...###########
##### #.#
.#.##...###.#.....#
..#.###.#
.#.#........#.....#
#.#....)#
.#.#.########.....#
#.#.##### .#@#.#
#.....###.#.#


You could see Crazy Yiuf.

Vanquished Creatures
  An adder (D:2)
  A worm (D:2)
  A dart slug (D:1)
  7 ball pythons
  4 bats
  5 endoplasms
  A giant cockroach (D:1)
  4 goblins
  3 hobgoblins
  3 jackals (D:1)
  5 kobolds
  7 quokkas
  4 frilled lizards
  5 rats
51 creatures vanquished.

Vanquished Creatures (others)
  A fungus (D:2)
1 creature vanquished.

Grand Total: 52 creatures vanquished

Notes
Turn   | Place    | Note
-------+----------+-------------------------------------------
     0 | D:1      | protoss039 the Spriggan Enchanter began the quest for the
                  | Orb.
     0 | D:1      | Reached XP level 1. HP: 9/9 MP: 5/5
    32 | D:1      | You fall into a shaft and drop 1 floor!
    54 | D:2      | Reached skill level 5 in Stealth
    54 | D:2      | Reached XP level 2. HP: 13/13 MP: 6/6
    92 | D:2      | Found Can Nuom's Armour Boutique.
    95 | D:2      | Noticed Terence
   145 | D:2      | Identified the +8 mace of Zucoihune {vorpal, Dex+4}
   147 | D:2      | Identified the +8 mace of the Piercing Visionary {vorpal,
                  | +Blink rF- Dex+4}
   151 | D:2      | Found a runed translucent door.
   151 | D:2      | Noticed Sigmund
   477 | D:1      | Reached XP level 3. HP: 11/16 MP: 8/8
   493 | D:1      | Reached skill level 6 in Stealth
   721 | D:1      | Found Mukacuv's Assorted Antiques.
  1058 | D:1      | Found a faded altar of an unknown god.
  1404 | D:1      | Learned a level 3 spell: Confusing Touch
  1407 | D:1      | Learned a level 2 spell: Ensorcelled Hibernation
  1686 | D:2      | Reached XP level 4. HP: 21/21 MP: 9/9
  1770 | D:2      | Reached skill level 7 in Stealth
  2106 | D:2      | Noticed Crazy Yiuf
  2114 | D:2      | HP: 1/21 [poisoned by Crazy Yiuf]
  2115 | D:2      | Succumbed to Crazy Yiuf's poison

Illustrated notes

Levels and vault maps discovered:
D:1:      nzn_arrival_water_spiral, layout_basic, serial_shops, shop_statue,
          shapermc_ecumenical_altar_ellora
D:2:      layout_basic, serial_shops, nicolae_lakefront_shop,
          chequers_serial_rivers_room_a, grunt_ministairs_15,
          minmay_tetromino_s2, uniq_terence, uniq_crazy_yiuf_cottage,
          uniq_sigmund

Skill      XL: |  1  2  3  4 |
---------------+-------------+-----
Stealth        | 5 6 7 |  7.0
Hexes          | 4 |  4.0
Dodging        | 3 |  3.0
Short Blades   | |  1.1
Spellcasting   | |  2.9

Action                   |  1- 3 |  4- 6 || total
-------------------------+-------+-------++-------
Melee: Dagger            |    46 |       ||    46
       Mace              |    45 |     9 ||    54
  Use: Potion            |       |     1 ||     1
 Stab: Sleeping          |    14 |     1 ||    15
Armor: Robe              |     9 |       ||     9
Dodge: Dodged            |    56 |    10 ||    66
